cohdb
Replays
Latest Replays
All Replays
Popular Replays
Top Player Replays
Match Explorer
How It Works
Community
CoH3 Stats
Reddit
Sign in to upload your games and track your stats! →
Sign in with Steam
Match 46325138
Unlisted
Match 46325138
Overview
Messages
Build Orders
End
Construct Section Command Post
Selects Air and Sea Battlegroup
Selects Air and Sea Battlegroup
Infantry Section
ML 3-inch Mortar Team
Infantry Section
Royal Engineer Section
Construct Platoon Command Post
Construct Field Infirmary
Selects Commando Section Paradrop
Unlock Bishop Self-propelled Artillery
Commando Section Paradrop
AI Takeover
S A N E
正五边形战士-王德发[wtf]
Say! my! name!
Frog
【嗜血狼族】灵狐魅儿
elfen
MY BIG FAT ORK WEDDING
kuenhei126
0
0
Comments
sign in to comment!
No comments posted yet!